AoeStats
← davidbanegasr

Arabia

508143169Analyzed
3v3 RM · 11d ago on Sep 21, 2026· 42m 16s· 6 players
Game mode
Random Map
Map size
Normal (6 player)
Population
200
Speed
Normal
Resources
Standard
Victory
Conquest
Starting age
Dark Age
Ending age
Imperial Age
RankedLock teamsTeams togetherTeam positionsShared explorationLock speedFull tech treeHidden civsTurbo modeCheats
Victory
Defeat
🇺🇸 Huns · United States
762
+15
🇩🇪 Wei · Germany
752
+15
🇧🇴 Teutons · Bolivia
698
+17
🇨🇴 Lithuanians · Colombia
798
-19
🇧🇷 Chinese · Brazil
764
-17
🇺🇸 Khmer · United States
626
-11
EVOLUTIONS
3:15 Loom
12:53 Feudal Age
19:06 Castle Age
18:30 Double-Bit Axe
18:28 Horse Collar
18:40 Gold Mining
21:24 Stone Mining
24:32 Scale Barding Armor
24:18 Fletching
25:46 Chain Barding Armor
29:59 Gold Shaft Mining
34:23 Bow Saw
38:56 Imperial Age
37:42 Heavy Plow
40:31 Plate Barding Armor
40:52 Elite Tarkan
Walls vs Zombies 2009
7:48 Loom
10:01 Feudal Age
10:35 Double-Bit Axe
10:53 Horse Collar
13:25 Forging
16:52 Gold Mining
20:43 Castle Age
19:14 Bloodlines
20:19 Wheelbarrow
19:39 Stone Mining
20:17 Fletching
20:46 Light Cavalry
21:37 Bodkin Arrow
22:40 Bow Saw
22:54 Hand Cart
24:12 Padded Archer Armor
24:19 Husbandry
24:23 Heavy Plow
25:02 Gold Shaft Mining
25:49 Town Watch
26:31 Scale Barding Armor
28:27 Ballistics
30:39 Imperial Age
28:31 Thumb Ring
29:56 Leather Archer Armor
31:24 Bracer
31:55 Ring Archer Armor
32:30 Chemistry
32:55 Crop Rotation
32:41 Caravan
33:18 Parthian Tactics
33:42 Stone Shaft Mining
34:54 Town Patrol
37:07 Tuntian
38:18 Conscription
39:32 Chain Barding Armor
39:47 Iron Casting
39:57 Treadmill Crane
40:27 Masonry
40:10 Hussar
42:45 Ming Guang Armor
davidbanegasr
10:00 Feudal Age
11:17 Wheelbarrow
10:34 Double-Bit Axe
11:27 Horse Collar
13:08 Loom
19:18 Town Watch
23:45 Castle Age
22:44 Stone Mining
22:45 Gold Mining
25:17 Hand Cart
25:05 Heavy Plow
25:24 Bow Saw
34:43 Imperial Age
33:32 Caravan
34:34 Forging
34:25 Scale Mail Armor
36:30 Two-Man Saw
36:12 Crop Rotation
36:57 Iron Casting
36:38 Chain Mail Armor
37:08 Town Patrol
38:27 Chemistry
40:52 Blast Furnace
40:23 Plate Mail Armor
39:24 Heavy Scorpion
tomascruze
1:09 Loom
14:46 Feudal Age
18:07 Double-Bit Axe
23:29 Castle Age
21:25 Horse Collar
23:21 Stone Mining
24:56 Stone Shaft Mining
25:34 Bow Saw
26:16 Heavy Plow
27:08 Gold Mining
28:54 Wheelbarrow
36:16 Town Watch
s1d
9:58 Feudal Age
10:33 Double-Bit Axe
10:31 Horse Collar
16:47 Arson
23:55 Castle Age
23:06 Stone Mining
23:07 Gold Mining
23:34 Padded Archer Armor
23:24 Fletching
24:35 Bloodlines
25:01 Bow Saw
24:53 Heavy Plow
26:08 Husbandry
26:24 Elite Skirmisher
28:09 Wheelbarrow
27:19 Loom
27:07 Pikeman
31:34 Gold Shaft Mining
33:11 Stone Shaft Mining
33:45 Leather Archer Armor
33:26 Bodkin Arrow
36:09 Hand Cart
37:11 Squires
39:44 Imperial Age
GjulianP
7:56 Loom
9:43 Feudal Age
23:07 Castle Age
23:59 Wheelbarrow
26:42 Pikeman
27:33 Squires
32:40 Double-Bit Axe
37:16 Gold Mining
41:24 Imperial Age
38:50 Elite Skirmisher
39:42 Padded Archer Armor
39:33 Fletching
40:00 Caravan
40:37 Bow Saw
40:55 Scale Mail Armor
40:56 Horse Collar
41:54 Halberdier
Connection lost

Rejoining the realm…

Still unreachable

The connection could not be restored.

Session expired

The server has moved on; the page needs a fresh start.